 Dungeon Crawl Stone Soup version 0.24-a0-447-ge8da9206dc (webtiles) character file.

Game seed: 2672720737851380533

130 theanonym the Cutter (level 4, -21/30 HPs)
             Began as a Mummy Enchanter on June 25, 2019.
             Was an Initiate of Makhleb.
             Demolished by an ogre
             ... wielding a +0 giant club
              (24 damage)
             ... on level 4 of the Dungeon.
             The game lasted 00:03:59 (4138 turns).

theanonym the Cutter (Mummy Enchanter)              Turns: 4138, Time: 00:03:59

Health: -21/30     AC:  8    Str: 12    XL:     4   Next: 89%
Magic:  8/8        EV:  5    Int: 14    God:    Makhleb [......]
Gold:   97         SH:  0    Dex: 12    Spells: 7/8 levels left

rFire    x . .     SeeInvis .   c - +0 short sword
rCold    + . .     Gourm    .   (no shield)
rNeg     + + +     Faith    .   d - +0 chain mail
rPois    ∞         Spirit   .   (no helmet)
rElec    .         Reflect  .   (no cloak)
rCorr    .         Harm     .   (no gloves)
MR       .....                  (no boots)
Stlth    ..........             (no amulet)
HPRegen  0.10/turn              (no ring)
MPRegen  0.11/turn              (no ring)

@: no status effects
A: no food or potions, fire vulnerability, cold resistance 1, negative energy
resistance 3, torment resistance, unbreathing
a: Renounce Religion


Innate Abilities, Weirdness & Mutations

You do not eat or drink.
Your flesh is vulnerable to fire.
You are immune to poison.
Your flesh is cold resistant. (rC+)
You are immune to negative energy. (rN+++)
You are immune to unholy pain and torment.
You can survive without breathing.


   Skills:
 + Level 4.0 Short Blades
 - Level 1.5 Dodging
 - Level 2.4 Stealth
 - Level 2.6 Spellcasting
 - Level 2.6 Hexes


You had 7 spell levels left.
You knew the following spells:

 Your Spells              Type           Power        Failure   Level  Hunger
a - Corona                Hex            #......      98%         1    N/A

Your spell library contained the following spells:

 Spells                   Type           Power        Failure   Level  Hunger
 Ensorcelled Hibernation  Hex/Ice        #.....       100%        2    N/A
 Confuse                  Hex            #.......     100%        3    N/A
 Dazzling Spray           Conj/Hex       #.....       100%        3    N/A
 Tukima's Dance           Hex            #.......     100%        3    N/A

Skill      XL: |  1  2  3  4 |
---------------+-------------+-----
Short Blades   | 1 2 3 4 |  4.0
Dodging        | |  1.5
Stealth        | |  2.4
Spellcasting   | |  2.6
Hexes          | |  2.6

Action                   |  1- 3 |  4- 6 || total
-------------------------+-------+-------++-------
Melee: Dagger            |    14 |       ||    14
       Short sword       |   157 |    75 ||   232
  Use: Scroll            |       |     4 ||     4
 Stab: Sleeping          |     5 |       ||     5
Armor: Robe              |     7 |       ||     7
       Ring mail         |    33 |    19 ||    52
Dodge: Dodged            |    89 |    28 ||   117

Inventory:

Hand Weapons
 a - a +1 dagger
 c - a +0 short sword (weapon)
Armour
 b - a +0 robe
 d - a +0 chain mail (worn)
 g - a +0 ring mail
Scrolls
 f - 2 scrolls of fog
 h - a scroll of amnesia {unknown}
 i - a scroll of fear {unknown}
 k - a scroll of magic mapping {unknown}
 n - 2 scrolls of remove curse
 r - a scroll of identify
 t - 2 scrolls of teleportation


You were on level 4 of the Dungeon.
You worshipped Makhleb.
Makhleb was noncommittal.
You were not hungry.

You visited 1 branch of the dungeon, and saw 4 of its levels.

You collected 97 gold pieces.

Dungeon Overview and Level Annotations

Branches:
Dungeon (4/15)
 Temple: D:4-7

Altars:
Dithmenos
Makhleb
Sif Muna

#.# #..#
##..#######
#.........#
#.........####
#............
#.....O...#
#..@######
#...$....#
##.#####.#
#....##.#####
## #........#
#####.##.#
#>...###
###....#
###..####


You could see an ogre.

Notes
Turn   | Place    | Note
-------+----------+-------------------------------------------
     0 | D:1      | theanonym the Mummy Enchanter began the quest for the Orb.
     0 | D:1      | Reached XP level 1. HP: 13/13 MP: 4/4
    34 | D:1      | Reached skill level 1 in Short Blades
   378 | D:1      | Reached XP level 2. HP: 14/19 MP: 5/5
   730 | D:1      | Reached skill level 2 in Short Blades
   918 | D:1      | HP: 9/19 [hobgoblin/+0 club (2)]
   923 | D:1      | HP: 5/19 [goblin/+0 club (4)]
  1429 | D:2      | HP: 9/19 [giant cockroach (2)]
  1430 | D:2      | Reached XP level 3. HP: 12/24 MP: 7/7
  2180 | D:2      | HP: 7/24 [worm (7)]
  2657 | D:3      | Reached skill level 3 in Short Blades
  2900 | D:3      | Found a shadowy altar of Dithmenos.
  2968 | D:3      | Reached XP level 4. HP: 24/30 MP: 8/8
  3109 | D:3      | Found a faded altar of an unknown god.
  3139 | D:3      | Found a burning altar of Makhleb.
  3139 | D:3      | Noticed a cacodemon
  3275 | D:3      | Noticed Natasha
  3487 | D:3      | HP: 14/30 [Natasha/magic dart (2)]
  3488 | D:3      | Killed Natasha
  3684 | D:3      | Became a worshipper of Sif Muna the Loreminder
  3684 | D:3      | Reached * piety under Sif Muna
  3716 | D:3      | Noticed a neqoxec
  3716 | D:3      | Noticed a neqoxec
  3718 | D:3      | Fell from the grace of Sif Muna
  3718 | D:3      | Became a worshipper of Makhleb the Destroyer
  3784 | D:3      | Noticed Natasha
  3801 | D:3      | HP: 12/30 [Natasha (7)]
  3803 | D:3      | Killed Natasha
  3986 | D:3      | Reached skill level 4 in Short Blades
  4129 | D:4      | Noticed an ogre
  4135 | D:4      | HP: 3/30 [ogre/+0 giant club (20)]
  4138 | D:4      | Demolished by an ogre

Vanquished Creatures
  Natasha (twice) (D:3)
  2 adders (D:3)
  An ooze (D:3)
  2 worms (D:3)
  3 leopard geckos
  An orc (D:3)
  A ball python (D:1)
  4 bats
  6 giant cockroaches
  6 goblins
  4 hobgoblins (D:1)
  2 quokkas
  3 frilled lizards
  6 kobolds
  7 rats
50 creatures vanquished.

Table legend:
 A = Turns spent in this place as a percentage of turns spent in the entire game.
 B = Non-inter-level travel turns spent in this place as a percentage of non-inter-level travel turns spent in the entire game.
 C = Inter-level travel turns spent in this place as a percentage of turns spent in this place.
 D = Turns resting spent in this place as a percentage of non-inter-level travel turns spent in this place.
 E = Turns spent auto-exploring this place as a percentage of non-inter-level travel turns spent in this place.
 F = Non-inter-level travel turns spent in this place divided by the number of levels of this place that you've seen.
                   A       B       C       D       E      F
               +-------+-------+-------+-------+-------+----------------------
         Total | 100.0 | 100.0 |   5.2 |  42.9 |  42.8 | 981.0
       Dungeon | 100.0 | 100.0 |   5.2 |  42.9 |  42.8 | 981.0
               +-------+-------+-------+-------+-------+----------------------
